 Dungeon Crawl Stone Soup version 0.16-a0-3210-ge5ae1c3 (webtiles) character file.

732 Minkie the Archer (level 7, -5/43 HPs)
             Began as a High Elf Arcane Marksman on Dec 19, 2014.
             Slain by chequers' ghost (11 damage)
             ... on level 4 of the Dungeon.
             The game lasted 00:21:48 (4568 turns).

Minkie the Archer (High Elf Arcane Marksman)        Turns: 4568, Time: 00:21:48

Health: -5/43      AC:  7    Str: 10    XL:     7   Next: 45%
Magic:  14/14      EV: 13    Int: 17    God:
Gold:   271        SH:  0    Dex: 17    Spells: 1 memorised, 7 levels left

rFire  + . .     SeeInvis .     a - +2 whip (venom)
rCold  . . .     Clarity  .     m - +0 ring mail
rNeg   . . .     SustAb   .     (no shield)
rPois  .         Gourm    .     (no helmet)
rElec  .         Spirit   .     (no cloak)
rCorr  .         Warding  .     (no gloves)
rMut   .         Stasis   .     t - +1 pair of boots
MR     .....                    (no amulet)
Stlth  +.........               b - +2 ring of evasion
                                s - ring of protection from fire

@: not resistant to hostile enchantments, very unstealthy
A: no striking features
a: no special abilities


You were on level 4 of the Dungeon.
You were not hungry.

You visited 1 branch of the dungeon, and saw 4 of its levels.

You collected 271 gold pieces.

Inventory:

Hand weapons
 a - a +2 whip of venom (weapon)
 w - a +0 shortbow
Missiles
 c - 46 arrows
Armour
 m - a +0 ring mail (worn)
 t - a +1 pair of boots (worn)
Jewellery
 b - a +2 ring of evasion (right hand)
 l - a +4 ring of dexterity
 s - a ring of protection from fire (left hand)
Magical devices
 A - a wand of magic darts (23)
Scrolls
 h - a scroll of teleportation
 i - 2 scrolls of identify
 k - 3 scrolls of magic mapping
 v - a scroll of immolation
Potions
 e - a potion of haste {unknown}
 g - 2 potions of curing
 j - a potion of heal wounds {unknown}
 p - a potion of lignification {unknown}
 z - a potion of might {unknown}
 B - 2 potions of cancellation {unknown}
Books
 d - a book of Debilitation

   Spells                             Type                      Level
   a - Corona                         Hexes                        1
   b - Slow                           Hexes                        2
   c - Inner Flame                    Hexes/Fire                   3
   d - Enslavement                    Hexes                        4
   e - Cause Fear                     Hexes                        4
   f - Leda's Liquefaction            Hexes/Earth                  4
Comestibles
 f - 2 bread rations
 n - a meat ration
 o - a beef jerky


   Skills:
 - Level 1.0 Fighting
 + Level 11.0 Bows
 - Level 2.1 Dodging
 - Level 1.2 Spellcasting
 - Level 3.0 Hexes


You had 7 spell levels left.
You knew the following spells:

 Your Spells              Type           Power        Failure   Level  Hunger
a - Corona                Hex            ##.....      14%         1    ##.....


Dungeon Overview and Level Annotations

Branches:
Dungeon (4/15)
 Temple: D:4-7

Altars:

Annotations:
D:4 chequers' ghost, experienced HOBe


Message History

Chequers' ghost hits you!
* * * LOW HITPOINT WARNING * * *
The jackal closely misses you.
You closely miss chequers' ghost.
Chequers' ghost is moderately damaged.
The jackal misses you.
Chequers' ghost hits you but does no damage.
The jackal bites you but does no damage.
You hit chequers' ghost.
Chequers' ghost is heavily damaged.
Chequers' ghost completely misses you. The jackal barely misses you.
You hit chequers' ghost.
Chequers' ghost is heavily damaged.
The jackal completely misses you.
Chequers' ghost hits you but does no damage.
The jackal barely misses you.
You hit chequers' ghost but do no damage.
Chequers' ghost is heavily damaged.
Chequers' ghost hits you!
You die...

#..............##
####.......#.....(#
.......##....#.....##
....................
........#<#....#.#...
######............?
##<............
##.[........####
#......@....#
#......Wh...#
..#....(..#..#
..###...(#.##.# .$#
####.(.# .. . #(.##
##( .. .


You could see chequers' ghost and a jackal.

Vanquished Creatures
  Pikel (D:3)
  3 slaves (D:3)
  2 orc priests
  An iguana (D:4)
  An orc wizard (D:3)
  8 adders
  A giant mite (D:1)
  A worm (D:2)
  3 giant geckos
  5 orcs
  A giant cockroach (D:2)
  4 hobgoblins
  9 jackals
  6 kobolds
  2 quokkas (D:2)
  A ball python (D:3)
  11 bats
  7 giant newts
  15 goblins
  9 rats
91 creatures vanquished.

Notes
Turn   | Place    | Note
--------------------------------------------------------------
     0 | D:1      | Minkie, the High Elf Arcane Marksman, began the quest for the Orb.
     0 | D:1      | Reached XP level 1. HP: 13/13 MP: 3/3
   189 | D:1      | Reached XP level 2. HP: 11/18 MP: 4/4
   517 | D:1      | Reached skill level 4 in Bows
  1133 | D:2      | Reached XP level 3. HP: 23/23 MP: 6/6
  1226 | D:2      | Reached skill level 5 in Bows
  1810 | D:2      | Reached XP level 4. HP: 19/28 MP: 9/9
  2072 | D:2      | Reached skill level 6 in Bows
  2580 | D:2      | Reached XP level 5. HP: 25/33 MP: 10/10
  2721 | D:3      | Reached skill level 7 in Bows
  3453 | D:3      | Reached skill level 8 in Bows
  3676 | D:4      | Noticed Pikel
  3676 | D:4      | Noticed a slave
  3676 | D:4      | Noticed a slave
  3676 | D:4      | Noticed a slave
  3676 | D:4      | Noticed a slave
  3681 | D:4      | Noticed chequers' ghost (experienced HOBe)
  3739 | D:3      | Killed a slave
  3747 | D:3      | Killed a slave
  4012 | D:3      | Killed a slave
  4104 | D:3      | Killed Pikel
  4104 | D:3      | Reached skill level 10 in Bows
  4104 | D:3      | Reached XP level 6. HP: 8/38 MP: 12/12
  4104 | D:3      | Reached XP level 7. HP: 9/43 MP: 14/14
  4417 | D:4      | Reached skill level 11 in Bows
  4568 | D:4      | Slain by chequers' ghost

Action                   |  1- 3 |  4- 6 |  7- 9 || total
-------------------------+-------+-------+-------++-------
Melee: Hand axe          |     7 |       |       ||     7
       Short sword       |    23 |       |       ||    23
       Whip              |       |   125 |    30 ||   155
 Fire: Shortbow          |    89 |    78 |    17 ||   184
 Cast: Corona            |       |       |     1 ||     1
  Use: Scroll            |       |       |     9 ||     9
  Eat: Chunk             |     2 |     7 |     2 ||    11
